 Dungeon Crawl Stone Soup version 0.30-a0-782-ge64f9170bb (webtiles) character file.

Game seed: 4990152064452158449

105 112233 the Magician (level 4, -5/27 HPs)
             Began as an Octopode Conjurer on Feb 25, 2023.
             Slain by an orc warrior
             ... wielding a +0 war axe
              (8 damage)
             ... on level 6 of the Dungeon.
             The game lasted 00:02:01 (2121 turns).

112233 the Magician (Octopode Conjurer)             Turns: 2121, Time: 00:02:02

Health: -5/27      AC:  1    Str:  6    XL:     4   Next: 83%
Magic:  10/10      EV: 13    Int: 22    God:
Gold:   130        SH:  0    Dex: 10    Spells: 8/11 levels left

rFire   . . .      SeeInvis .    c - staff of air
rCold   . . .      Faith    .    (no shield)
rNeg    . . .      Spirit   .    (helmet restricted)
rPois   .          Reflect  .    (no amulet)
rElec   +          Harm     .    (no ring)
rCorr   .          Rampage  .    (no ring)
Will    .....                    (no ring)
Stlth   +++                      (no ring)
HPRegen 0.24/turn                (no ring)
MPRegen 0.12/turn                (no ring)
                                 (no ring)
                                 (no ring)

@: weak-willed
A: almost no armour, amphibious, 8 rings, camouflage 1, gelatinous body 1,
(nimble swimmer 1), tentacles
a: no special abilities


You were on level 6 of the Dungeon.
You visited 1 branch of the dungeon, and saw 4 of its levels.

You collected 130 gold pieces.

Inventory:

Hand Weapons
 g - a +3 hand axe
Armour
 d - a +0 buckler
Magical Staves
 c - a staff of air (weapon)
Wands
 b - a wand of light (10)
Scrolls
 e - a scroll of fog
Potions
 a - a potion of magic


   Skills:
 - Level 2.1 Dodging
 - Level 3.0 Stealth
 + Level 4.2 Spellcasting
 - Level 4.1 Conjurations


You had 8 spell levels left.
You knew the following spells:

 Your Spells              Type           Power      Damage    Failure   Level
a - Magic Dart            Conj           88%        1d7       1%          1
b - Searing Ray           Conj           44%        2d6       3%          2

Your spell library contained the following spells:

 Spells                   Type           Power      Damage    Failure   Level
 Dazzling Flash           Conj/Hex       26%        N/A       14%         3
 Fulminant Prism          Conj/Hex       6%         3d6       43%         4
 Iskenderun's Mystic Bla  Conj/Tloc      13%        2d5       43%         4


Dungeon Overview and Level Annotations

Branches:
Dungeon (6/15)
 Temple: D:4-7

Altars:
Trog
Xom

Shops:
D:3 !

Annotations:
D:2 Robin
D:6 Dowan


Innate Abilities, Weirdness & Mutations

You cannot wear most types of armour.
You are amphibious.
You can wear up to eight rings at the same time.
Your skin changes colour to match your surroundings (Stealth+).
Your rubbery body absorbs attacks. (AC +1, EV +1)
((You are camouflaged when in or above water. (Stealth+)))
You have tentacles for arms and can constrict up to eight enemies at once.


Message History

The scroll dissolves into smoke.
It was a scroll of fog.
Blink to where?
Press: ? - help, Dir - move target
As you read the scroll labelled XICVIERGH GOKULE, it crumbles to dust.
It was a scroll of blinking.
As you read the scroll labelled UNUGRU ICUE, it crumbles to dust.
Magic quickly surges around you.
It was a scroll of vulnerability.
Unknown command.
Dowan and a white imp come into view.
Okay, then.
You aren't carrying any items that you can evoke.
Unknown command.
The orc warrior barely misses you. The orc warrior misses you.
The orc warrior attacks as you move away!
The orc warrior hits you with a +0 war axe!
The orc warrior attacks as you move away!
The orc warrior barely misses you.
The orc warrior attacks as you move away!
The orc warrior closely misses you.
The orc warrior attacks as you move away!
The orc warrior barely misses you.
The orc warrior attacks as you move away!
The orc warrior hits you with a +0 war axe!
* * * LOW HITPOINT WARNING * * *
Found a forked iron wand.
The orc warrior attacks as you move away!
The orc warrior misses you.
You see here a wand of light (11).
b - a wand of light (11)
The orc warrior hits you with a +0 war axe!
* * * LOW HITPOINT WARNING * * *
Aiming: Bolt of Light
Press: ? - help, Shift-Dir - straight line, f - orc warrior
Aim: an orc warrior, wielding a +0 war axe and wearing a +0 animal skin (60% to hit)
The bolt of light hits the orc warrior!
The orc warrior is severely wounded.
The orc warrior is blinded.
The orc warrior hits you with a +0 war axe!
You die...

##†#....# ##[.....##
#...(....##
..........#
..........## #
...........# .#
...........## ####..#
............####.....#
............#..o@.#
..............#####
............###
...........##
#.........##
####.....## ####.##
#..# ##.##


You could see an orc warrior (blind).

Vanquished Creatures
  A hound (D:6)
  A gnoll (D:1)
  2 adders (D:2)
  A worm (D:2)
  An orc (D:6)
  4 bats (D:1)
  An endoplasm (D:2)
  3 giant cockroaches
  4 goblins
  A hobgoblin (D:1)
  5 jackals
  3 ball pythons
  8 kobolds
  8 rats
43 creatures vanquished.

Vanquished Creatures (others)
  A ghoul (D:1)
  A draconian (D:1)
  An elf (D:1)
  A troll (D:1)
  A vampire (D:1)
  A dwarf (D:1)
  A tengu (D:1)
  A felid (D:1)
  3 mummies (D:1)
  2 orcs (D:1)
  2 kobolds (D:1)
  4 tentacles (D:1)
19 creatures vanquished.

Grand Total: 62 creatures vanquished

Notes
Turn   | Place    | Note
-------+----------+-------------------------------------------
     0 | D:1      | 112233 the Octopode Conjurer began the quest for the Orb.
     0 | D:1      | Reached XP level 1. HP: 11/11 MP: 3/3
     2 | D:1      | Noticed a tengu
     2 | D:1      | Noticed a vampire
     2 | D:1      | Noticed a draconian
     2 | D:1      | Noticed a felid
     2 | D:1      | Noticed a kraken
     2 | D:1      | Noticed an elf
     2 | D:1      | Noticed a ghoul
     2 | D:1      | Noticed a troll
     2 | D:1      | Noticed a dwarf
     4 | D:1      | Killed a troll
     8 | D:1      | Killed a dwarf
    10 | D:1      | Killed a vampire
    15 | D:1      | Killed a tengu
    15 | D:1      | Killed a ghoul
    18 | D:1      | Killed a felid
    20 | D:1      | Killed an elf
    20 | D:1      | Killed a draconian
   118 | D:1      | Reached XP level 2. HP: 17/17 MP: 3/5
   432 | D:1      | Reached XP level 3. HP: 21/21 MP: 0/7
   441 | D:1      | Learned a level 2 spell: Searing Ray
  1244 | D:2      | Found a shimmering altar of Xom.
  1529 | D:2      | Reached XP level 4. HP: 27/27 MP: 3/9
  1669 | D:2      | Noticed Robin
  1792 | D:3      | Found Jir Cuxacle's Distillery.
  1811 | D:3      | You fall into a shaft and drop 3 floors!
  1850 | D:6      | Noticed a bullfrog
  2086 | D:6      | Found a bloodstained altar of Trog.
  2088 | D:6      | Noticed a necrophage
  2091 | D:6      | Noticed an orc warrior
  2100 | D:6      | Noticed Dowan
  2121 | D:6      | Slain by an orc warrior

Illustrated notes

Levels and vault maps discovered:
D:1:      nicolae_arrival_kraken_aquarium_b, layout_basic
D:2:      layout_loops_ring, basic_altar, uniq_robin
D:3:      layout_loops_corners, zin_statuary, serial_shops, shop, uniq_natasha,
          uniq_sigmund
D:6:      layout_cave_pods, trog_butcher_becter, minmay_temple_entry_overgrown,
          nicolae_half_adder, uniq_pikel, uniq_duvessa

Skill      XL: |  1  2  3  4 |
---------------+-------------+-----
Stealth        | 3 |  3.0
Spellcasting   | 3 4 |  4.2
Dodging        | |  2.1
Conjurations   | |  4.1

Action                     |  1- 3 |  4- 6 || total
---------------------------+-------+-------++-------
  Melee: Staff             |    15 |     1 ||    16
         Tentacles         |     3 |     1 ||     4
         Constrict         |     5 |     1 ||     6
   Cast: Magic Dart        |    70 |    17 ||    87
         Searing Ray       |       |     1 ||     1
  Evoke: Wand              |       |     1 ||     1
    Use: Scroll            |       |     3 ||     3
 Armour: Skin              |     1 |       ||     1
  Dodge: Dodged            |    19 |    14 ||    33

Table legend: (Time is in decaauts)
 A = Elapsed time spent in this place.
 B = Non-inter-level travel time spent in this place.
 C = Inter-level travel time spent in this place.
 D = Time resting spent in this place.
 E = Time spent auto-exploring this place.
 F = Levels seen in this place.
 G = Mean time per level.
                   A        B        C        D        E       F      G
               +--------+--------+--------+--------+--------+-----+--------+
         Total |   2123 |   2021 |    102 |    314 |   1455 |   4 |  530.8 |
       Dungeon |   2123 |   2021 |    102 |    314 |   1455 |   4 |  530.8 |
               +--------+--------+--------+--------+--------+-----+--------+

Top non-repeatable levels by time:
     D:1: 1237 daAuts
     D:2: 444 daAuts
     D:6: 310 daAuts
     D:3: 130 daAuts
